 Dungeon Crawl Stone Soup version 0.18-a0-1308-g45b86c9 (webtiles) character file.

37 Reinor the Ducker (level 3, -1/19 HPs)
             Began as a Spriggan Abyssal Knight on Feb 13, 2016.
             Was a Follower of Lugonu.
             Slain by an adder (3 damage)
             ... on level 2 of the Dungeon.
             The game lasted 00:03:09 (1348 turns).

Reinor the Ducker (Spriggan Abyssal Knight)         Turns: 1348, Time: 00:03:09

Health: -1/19      AC:  2    Str:  8    XL:     3   Next: 23%
Magic:  5/5        EV: 18    Int: 14    God:    Lugonu [*.....]
Gold:   23         SH:  0    Dex: 15    Spells: 0 memorised, 2 levels left

rFire  . . .     SeeInvis +     a - +2 short sword
rCold  . . .     Gourm    .     b - +0 robe
rNeg   . . .     Faith    .     (shield restricted)
rPois  .         Spirit   .     (helmet restricted)
rElec  .         Dismiss  .     (no cloak)
rCorr  .         Reflect  .     (gloves unavailable)
SustAt .         Harm     .     (boots unavailable)
MR     .....                    (no amulet)
Stlth  ++........               (no ring)
                                (no ring)

@: very quick, not resistant to hostile enchantments, unstealthy
A: unfitting armour, see invisible, herbivore 3, speed 3, slow metabolism 2
a: Depart the Abyss, Renounce Religion


You were on level 2 of the Dungeon.
You worshipped Lugonu.
Lugonu was aware of your devotion.
You were not hungry.

You visited 1 branch of the dungeon, and saw 2 of its levels.
You visited the Abyss 1 time.

You collected 23 gold pieces.

Inventory:

Hand Weapons
 a - a +2 short sword (weapon)
Missiles
 e - 5 needles of confusion
Armour
 b - a +0 robe (worn)
Scrolls
 g - a scroll of recharging
 j - a scroll of remove curse
 k - a scroll of random uselessness {unknown}
Potions
 f - a potion of ambrosia {unknown}
 h - a potion of might {unknown}
 i - 2 potions of mutation {unknown}
 l - 2 potions of curing
 m - a potion of berserk rage {unknown}
Comestibles
 c - a bread ration
 d - a royal jelly


   Skills:
 - Level 2.6 Fighting
 + Level 2.9 Short Blades
 - Level 3.7 Dodging
 + Level 2.5 Stealth
 - Level 2.0 Invocations


You had 2 spell levels left.
You didn't know any spells.

Dungeon Overview and Level Annotations

Branches:
Dungeon (2/15)

Altars:


Innate Abilities, Weirdness & Mutations

You are tiny and cannot use many weapons and most armour.
You have supernaturally acute eyesight.
You are an herbivore.
You cover ground extremely quickly.
You need consume almost no food.


Message History

The adder bites you.
The gnoll shouts!
You hit the adder.
The adder is almost dead.
The adder bites you. 2 gnolls come into view.
You closely miss the adder.
The adder is almost dead.
The adder bites you but does no damage.
The gnoll moves out of view.
The adder bites you.
* * * LOW HITPOINT WARNING * * *
You are too injured to fight recklessly!
The gnoll shouts!
You hit the adder but do no damage.
The adder is almost dead.
The adder bites you.
* * * LOW HITPOINT WARNING * * *
The adder closely misses you. The adder bites you.
You die...

#..............#
####.#.........#
#.##........#
#...........#
#######..#####
#........#
....####'#######
#.#............#
.......@.......#
#.......S..<...+
.........†(....#
.......g.......#
..#............#
..!...g........#
.##.g..........#
...g###+#######
#....


You could see 4 gnolls and an adder.

Vanquished Creatures
  An adder (D:2)
  A giant gecko (D:1)
  2 giant cockroaches (D:1)
  5 goblins
  3 hobgoblins (D:1)
  5 bats (D:1)
  6 kobolds
  3 rats (D:1)
26 creatures vanquished.

Notes
Turn   | Place    | Note
--------------------------------------------------------------
     0 | Abyss:1  | Reinor the Spriggan Abyssal Knight began the quest for the Orb.
     0 | Abyss:1  | Reached XP level 1. HP: 11/11 MP: 3/3
    60 | Abyss:1  | Noticed a sixfirhy
    93 | Abyss:1  | Noticed an eye of draining
    97 | Abyss:1  | Noticed a small abomination
   162 | Abyss:1  | Found an ancient bone altar of Kikubaaqudgha.
   168 | Abyss:1  | Noticed an iron imp
   171 | Abyss:1  | Noticed a starcursed mass
   201 | Abyss:1  | Noticed a small abomination
   213 | Abyss:1  | Noticed a green draconian zealot
   214 | Abyss:1  | Noticed a quasit
   215 | D:1      | Escaped the Abyss
   252 | D:1      | Reached * piety under Lugonu
   645 | D:1      | Reached XP level 2. HP: 13/16 MP: 4/4
   760 | D:1      | Reached skill level 1 in Stealth
  1205 | D:2      | Reached XP level 3. HP: 10/19 MP: 5/5
  1348 | D:2      | Slain by an adder

Vault maps used:
D:1:      saegor_arrival_under_anarchy, minmay_cupped
D:2:      lemuel_round_altar, johnstein_pakellas_dig, uniq_sigmund, uniq_terence

Action                   || total
-------------------------++-------
Melee: Short sword       ||   104
Invok: Depart the Abyss  ||     1
  Use: Scroll            ||     7
       Potion            ||     1
 Stab: Sleeping          ||     1
